 Dungeon Crawl Stone Soup version 0.16.1-28-gcc2312f (webtiles) character file.

5735 sqallbeste the Cleaver (level 10, 0/90 HPs)
             Began as a Hill Orc Fighter on May 25, 2015.
             Was a Believer of Ru.
             Killed from afar by an orc wizard (5 damage)
             ... with a puff of flame
             ... on level 2 of the Orcish Mines.
             The game lasted 01:12:50 (8940 turns).

sqallbeste the Cleaver (Hill Orc Fighter)           Turns: 8940, Time: 01:12:52

Health: 0/90       AC: 12    Str: 30    XL:     10   Next: 77%
Magic:  19/19      EV:  8    Int:  8    God:    Ru [**....]
Gold:   630        SH:  0    Dex: 10    Spells: 1 memorised, 8 levels left

rFire  + . .     SeeInvis .     J - +2 hand axe (chop)
rCold  x . .     Clarity  .     n - +0 chain mail
rNeg   . . .     SustAb   .     c - +0 shield
rPois  .         Gourm    .     i - +2 helmet
rElec  .         Spirit   .     D - -3 cloak of the Saviour {rC- Regen+ Str+7}
rCorr  .         Warding  .     (no gloves)
rMut   .         Stasis   .     (no boots)
MR     .....                    (no amulet)
Stlth  ..........               H - ring of Trytodd {rF+ MP+9 Stlth+}
                                k - ring of teleport control

@: confused, not resistant to hostile enchantments, extremely unstealthy
A: hated by all, inexperienced 1
a: Sacrifice Arcana, Sacrifice Health, Sacrifice Stealth, Reject Sacrifices,
Renounce Religion, Convert to Beogh, Evoke Teleport Control


You were on level 2 of the Orcish Mines.
You worshipped Ru.
Ru was pleased with you.
You were not hungry.

You visited 3 branches of the dungeon, and saw 12 of its levels.
You also visited: Ossuary.

You collected 630 gold pieces.

Inventory:

Hand weapons
 a - a +1 war axe
 l - a +2 quarterstaff of chaos
 m - a cursed +2 morningstar of draining
 J - a +2 hand axe of chopping (weapon)
 P - a +4 hand axe
Armour
 b - a +0 scale mail
 c - a +0 shield (worn)
 f - a +0 chain mail
 i - a +2 helmet (worn)
 n - a +0 chain mail (worn)
 r - a +0 cloak
 s - a +1 hat
 D - the -3 cloak of the Saviour (worn) {rC- Regen+ Str+7}
   (You found it on level 6 of the Dungeon)

   It affects your strength (+7).
   It makes you vulnerable to cold.
   It increases your rate of regeneration.
Jewellery
 k - a ring of teleport control (left hand)
 t - an uncursed amulet of stasis
 H - the ring of Trytodd (right hand) {rF+ MP+9 Stlth+}
   (You found it on level 7 of the Dungeon)

   [ring of magical power]

   It protects you from fire.
   It affects your magic capacity (+9).
   It makes you more stealthy.
 V - an uncursed amulet of the gourmand
Magical devices
 o - a wand of disintegration (10)
 q - a wand of fireball (2)
 A - a wand of enslavement (6)
 B - a wand of digging (7)
 E - a wand of draining (7)
 I - a wand of flame (22)
 K - a wand of enslavement (14)
 M - a wand of teleportation (0)
 O - a wand of frost (28)
 U - a wand of fire (7)
Scrolls
 j - 6 scrolls of remove curse
 z - a scroll of recharging
 G - a scroll of summoning
 Q - a scroll of teleportation
Potions
 d - 2 potions of restore abilities
 e - 2 potions of agility
 C - a potion of cancellation
 N - a potion of might
 R - a potion of magic
Books
 w - a book of Necromancy

   Spells                             Type                      Level
   a - Pain                           Necromancy                   1
   b - Animate Skeleton               Necromancy                   1
   c - Vampiric Draining              Necromancy                   3
   d - Regeneration                   Charms/Necromancy            3
   e - Animate Dead                   Necromancy                   4
   f - Control Undead                 Necromancy                   4
 x - a book of Changes

   Spells                             Type                      Level
   a - Beastly Appendage              Transmutation                1
   b - Sticks to Snakes               Transmutation                2
   c - Spider Form                    Transmutation/Poison         3
   d - Ice Form                       Ice/Transmutation            4
   e - Blade Hands                    Transmutation                5
 y - a book of Beasts

   Spells                             Type                      Level
   a - Summon Butterflies             Summoning                    1
   b - Call Canine Familiar           Summoning                    3
   c - Summon Ice Beast               Ice/Summoning                4
   d - Summon Mana Viper              Hexes/Summoning              5
   e - Monstrous Menagerie            Summoning                    6
   f - Summon Hydra                   Summoning                    7
Comestibles
 g - 3 bread rations
 h - 7 fruits
 p - 9 slices of pizza
 u - 7 meat rations
 F - a beef jerky
 T - a royal jelly


   Skills:
 + Level 8.5 Fighting
 * Level 13.8 Axes
 + Level 7.5 Armour
 + Level 3.1 Dodging
 + Level 1.5 Stealth
 + Level 8.5 Shields


You had 8 spell levels left.
You knew the following spells:

 Your Spells              Type           Power        Failure   Level  Hunger
a - Summon Butterflies    Summ           #.......     100%        1    ##.....


Dungeon Overview and Level Annotations

Branches:
Dungeon (9/15)             Temple (0/1) D:7            Lair (1/8) D:8
    Orc (2/4) D:9

Altars:
Dithmenos
Elyvilon
Fedhas
Ru
Vehumet
Yredelemnul
Zin

Shops:
D:7 (

Annotations:
D:3 1 runed door
Orc:2 Joseph


Innate Abilities, Weirdness & Mutations

You are hated by all.
You are somewhat inexperienced (-2 XL).


Message History

* * * LOW HITPOINT WARNING * * *
The orc hits you but does no damage.
You're too confused!
Joseph unwields an uncursed quarterstaff.
Joseph wields a runed hunting sling.
Joseph shoots a sling bullet.
The sling bullet hits you.
* * * LOW HITPOINT WARNING * * *
x2 You focus your will and illuminate Joseph in retribution!
The orc warrior barely misses you.
The orc priest hits you but does no damage.
The orc priest calls upon Beogh to heal the orc warrior.
The orc warrior is healed somewhat.
Something hits you but does no damage.
You see here a sling bullet.
The orc warrior hits you from afar with a trident.
* * * LOW HITPOINT WARNING * * *
The orc priest calls upon Beogh to heal the orc warrior.
The orc warrior is healed somewhat.
A puff of flame appears from out of thin air!
The puff of flame hits you! You resist.
You die...

......# ...
...$...# .....
#.......### o.....
#..$.....###......
#......##........
#.....o.#...$.#
#..ooo...$.#
#..(o@.o.###
#..@{)...$.#
#.......####
#...>....#
####........#.
#..#)<........
#...)........
#..<)..##....
#....### ...
#......#


You could see Joseph, an orc warrior, 3 orc priests, an orc wizard and 2 orcs.

Vanquished Creatures
  A komodo dragon (D:8)
  2 polar bears (D:9)
  A wyvern (D:8)
  4 yaks (D:9)
  Eustachio (D:6)
  A hungry ghost (D:7)
  A human (D:8)
  2 ice beasts
  2 sky beasts
  A necrophage (D:9)
  8 orc warriors
  An eye of draining (D:9)
  3 phantoms
  4 ogres
  2 centaurs
  5 elf zombies (Ossuary)
  4 giant frogs
  2 scorpions
  An electric eel (D:9)
  4 crimson imps
  13 orc wizards
  A hound (D:9)
  A quasit (D:7)
  A gnoll shaman (D:8)
  2 wasp zombies
  Crazy Yiuf (D:3)
  16 orc priests
  4 centaur zombies (Ossuary)
  3 human zombies (Ossuary)
  2 iguanas
  6 worker ants
  Natasha (D:6)
  A giant frog simulacrum (D:9)
  Ijyb (D:6)
  A centaur simulacrum (D:9)
  A hound skeleton (D:4)
  3 mummies (Ossuary)
  7 gnolls
  6 adders
  3 white imps (D:9)
  3 worms
  A giant mite (D:1)
  An adder zombie (D:7)
  2 oozes
  82 orcs
  2 ball pythons
  12 bats
  2 bat skeletons
  A bat zombie (D:4)
  9 goblins
  6 hobgoblins
  17 jackals
  9 kobolds
  5 quokkas
  A ball python skeleton (D:6)
  4 giant cockroaches
  6 giant geckos
  A giant gecko zombie (D:5)
  2 giant newts
  A giant spore (D:6)
  A jackal zombie (D:6)
  9 rats
  3 ballistomycetes (D:6)
  4 plants (D:8)
308 creatures vanquished.

Vanquished Creatures (others)
  3 orcs
  2 plants (D:8)
5 creatures vanquished.

Grand Total: 313 creatures vanquished

Notes
Turn   | Place    | Note
--------------------------------------------------------------
     0 | D:1      | sqallbeste, the Hill Orc Fighter, began the quest for the Orb.
     0 | D:1      | Reached XP level 1. HP: 19/19 MP: 1/1
   231 | D:1      | Reached XP level 2. HP: 25/27 MP: 2/2
   674 | D:2      | Reached skill level 4 in Fighting
   674 | D:2      | Reached XP level 3. HP: 26/33 MP: 3/3
   687 | D:2      | Reached XP level 4. HP: 15/40 MP: 4/4
   949 | D:2      | Found a sacrificial altar of Ru.
  1023 | D:2      | Became a worshipper of Ru the Awakened
  1639 | D:3      | HP: 2/40 [something/puff of flame (8)]
  1657 | D:3      | Reached XP level 5. HP: 42/47 MP: 5/5
  1666 | D:3      | Reached skill level 1 in Dodging
  1910 | D:3      | Found a glowing silver altar of Zin.
  1910 | D:3      | Noticed an angel
  1929 | D:3      | Found a runed door.
  2311 | D:3      | Noticed Crazy Yiuf
  2317 | D:3      | Killed Crazy Yiuf
  2565 | D:4      | Reached XP level 6. HP: 50/53 MP: 6/6
  2646 | D:4      | Gained mutation: You are hated by all. [Ru sacrifice]
  2646 | D:4      | Acquired Ru's first power
  2729 | D:4      | Noticed a phantom
  2785 | D:4      | Killed a phantom
  2881 | D:4      | Reached skill level 5 in Armour
  2881 | D:4      | Reached skill level 5 in Shields
  2894 | D:4      | Found a shadowy altar of Dithmenos.
  2894 | D:4      | Noticed a phantom
  2955 | D:4      | Killed a phantom
  2955 | D:4      | Reached skill level 5 in Axes
  2955 | D:4      | Reached XP level 7. HP: 50/60 MP: 7/7
  3339 | D:5      | Entered Level 5 of the Dungeon
  3492 | D:5      | Reached skill level 5 in Fighting
  3492 | D:5      | Reached skill level 6 in Axes
  3649 | D:5      | Learned a level 1 spell: Summon Butterflies
  4301 | D:6      | Reached skill level 7 in Axes
  4301 | D:6      | Reached XP level 8. HP: 50/68 MP: 8/8
  4447 | D:6      | Noticed Eustachio
  4456 | D:6      | Killed Eustachio
  4521 | D:6      | Noticed Ijyb
  4523 | D:6      | Reached skill level 8 in Axes
  4529 | D:6      | Killed Ijyb
  4554 | D:6      | Got a spiked cloak
  4555 | D:6      | Identified the cursed -3 cloak of the Saviour {rC- Regen+ Str+7} (You found it on level 6 of the Dungeon)
  4571 | D:6      | Gained mutation: You are somewhat inexperienced (-2 XL). [Ru sacrifice]
  4571 | D:6      | Reached XP level 7. HP: 55/62 MP: 7/7
  4571 | D:6      | Reached XP level 6. HP: 55/57 MP: 6/6
  4571 | D:6      | Acquired Ru's second power
  4592 | D:6      | Noticed Natasha
  4602 | D:6      | Killed Natasha
  4966 | D:7      | Reached XP level 7. HP: 63/63 MP: 7/7
  5113 | D:7      | Found a staircase to the Ecumenical Temple.
  5326 | D:7      | Noticed a hungry ghost
  5340 | D:7      | Killed a hungry ghost
  5340 | D:7      | Reached skill level 9 in Axes
  5403 | D:7      | Got a faintly glowing jade ring
  5404 | D:7      | Identified the ring of Trytodd {rF+ MP+9 Stlth+} (You found it on level 7 of the Dungeon)
  5491 | D:7      | Reached XP level 8. HP: 71/71 MP: 8/8
  5536 | D:7      | Found Tholuapt's Weapon Emporium.
  6171 | D:8      | Found a blossoming altar of Fedhas.
  6183 | D:8      | Reached skill level 10 in Axes
  6211 | D:8      | Found a sand-covered staircase.
  6242 | Ossuary  | Entered an ossuary
  6345 | Ossuary  | Reached XP level 9. HP: 74/79 MP: 9/9
  6468 | Ossuary  | Reached skill level 11 in Axes
  6871 | D:8      | Found a glowing silver altar of Zin.
  7022 | D:8      | Found a staircase to the Lair.
  7023 | D:8      | Noticed a komodo dragon
  7046 | D:8      | Killed a komodo dragon
  7046 | D:8      | Reached skill level 12 in Axes
  7046 | D:8      | Reached skill level 1 in Stealth
  7113 | Lair:1   | Entered Level 1 of the Lair of Beasts
  7134 | Lair:1   | Noticed a spiny frog
  7194 | D:8      | Found a basalt altar of Yredelemnul.
  7508 | D:9      | Found a white marble altar of Elyvilon.
  7526 | D:9      | Found a radiant altar of Vehumet.
  7656 | D:9      | Found a staircase to the Orcish Mines.
  7671 | D:9      | Reached XP level 10. HP: 70/88 MP: 10/10
  7858 | D:9      | Reached skill level 13 in Axes
  8376 | Orc:1    | Entered Level 1 of the Orcish Mines
  8921 | Orc:2    | Noticed Joseph
  8940 | Orc:2    | Killed from afar by an orc wizard

Action                   |  1- 3 |  4- 6 |  7- 9 | 10-12 || total
-------------------------+-------+-------+-------+-------++-------
Melee: War axe           |    69 |   320 |   514 |   103 ||  1006
       Morningstar       |       |    20 |       |       ||    20
       Hand axe          |       |       |       |   129 ||   129
Invok: Sacrifice Love    |       |     1 |       |       ||     1
       Sacrifice Experie |       |     1 |       |       ||     1
       Reject Sacrifices |       |       |     1 |       ||     1
 Abil: Evoke Teleport Co |       |     1 |       |       ||     1
Evoke: Wand              |       |       |     7 |     1 ||     8
  Use: Potion            |     1 |     7 |    11 |     1 ||    20
       Scroll            |     3 |    11 |    15 |     8 ||    37
 Stab: Distracted        |       |     1 |     1 |       ||     2
       Invisible         |       |       |     4 |     3 ||     7
  Eat: Meat ration       |       |     2 |     1 |       ||     3
       Bread ration      |       |       |     2 |     1 ||     3
